 Dungeon Crawl Stone Soup version 0.31-a0-236-g9a0961fb85 (webtiles) character file.

Game seed: 15317411647350252020

58 qw the Shooter (level 3, 0/29 HPs)
             Began as a Minotaur Hexslinger on July 10, 2023.
             Slain by Grinder (2 damage)
             ... on level 3 of the Dungeon.
             The game lasted 00:00:30 (1770 turns).

qw the Shooter (Minotaur Hexslinger)                Turns: 1770, Time: 00:00:30

Health: 0/29       AC:  6    Str: 12    XL:     3   Next: 75%
Magic:  3/3        EV: 11    Int: 10    God:
Gold:   109        SH:  0    Dex: 14    Spells: 3/4 levels left

rFire   . . .        Y - +1 sling
rCold   . . .        (no shield)
rNeg    . . .        a - +0 ring mail
rPois   .            (helmet restricted)
rElec   .            f - +0 cloak
rCorr   .            (no gloves)
SInv    .            (no boots)
Will    .....        (no amulet)
Stlth   +            (no ring)
HPRegen 0.24/turn    (no ring)
MPRegen 0.08/turn

%: no passive effects
@: about to teleport
A: horns 2, retaliatory headbutt
a: no special abilities


You were on level 3 of the Dungeon.
You visited 1 branch of the dungeon, and saw 3 of its levels.

You collected 109 gold pieces.


Innate Abilities, Weirdness & Mutations

You have a pair of horns on your head.
You reflexively headbutt those who attack you in melee.


   Skills:
 - Level 2.0 Fighting
 + Level 4.1 Ranged Weapons
 - Level 1.0 Armour
 - Level 2.1 Dodging
 - Level 1.0 Spellcasting
 - Level 2.0 Hexes


You had 3 spell levels left.
You knew the following spells:

 Your Spells              Type           Power      Damage    Failure   Level
a - Slow                  Hex            16%        N/A       34%         1

Your spell library contained the following spells:

 Spells                   Type           Power      Damage    Failure   Level
 Inner Flame              Hex/Fire       2%         N/A       83%         3
 Portal Projectile        Hex/Tloc       4%         N/A       83%         3
 Cause Fear               Hex            2%         N/A       98%         4

Inventory:

Hand Weapons
 Y - a +1 sling (weapon)
Armour
 a - a +0 ring mail (worn)
 f - a +0 cloak (worn)
Scrolls
 e - a scroll of teleportation
Potions
 b - a potion of degeneration {unknown}
 d - 2 potions of curing
 g - a potion of enlightenment

Dungeon Overview and Level Annotations

Branches:
Dungeon (3/15)

Altars:
Sif Muna

Annotations:
D:3 Grinder


Message History

Grinder hits you!
You writhe in agony.
Grinder misses you. You furiously retaliate!
You headbutt Grinder. You shoot a sling bullet.
The sling bullet closely misses Grinder.
Grinder gestures at you.
You suddenly lose the ability to move!
Grinder gestures at you.
You barely resist.
You can move again.
You shoot a sling bullet.
The sling bullet hits Grinder but does no damage.
Grinder is moderately wounded.
Grinder barely misses you.
You shoot a sling bullet. The sling bullet barely misses Grinder.
Grinder hits you.
You writhe in agony.
Grinder gestures at you. You resist with significant effort.
You shoot a sling bullet.
The sling bullet closely misses Grinder.
Grinder hits you but does no damage.
You shoot a sling bullet.
The sling bullet hits Grinder but does no damage.
Grinder is moderately wounded.
Grinder gestures at you. You resist with significant effort.
You shoot a sling bullet.
The sling bullet closely misses Grinder.
Grinder barely misses you. You furiously retaliate!
You headbutt Grinder. Grinder barely misses you.
You shoot a sling bullet. The sling bullet barely misses Grinder.
Grinder gestures at you.
You suddenly lose the ability to move!
Grinder hits you but does no damage. Grinder hits you.
You writhe in agony.
You can move again.
1770 ||| READING 2 scrolls of teleportation.
As you read the scroll of teleportation, it crumbles to dust.
You feel strangely unstable. Grinder hits you.
You writhe in agony.
You die...

.....####%.#
...####....##
.####....#..#
#.....###.#
#.....###.# .
###....#..#
... ###....##
.....####..#
#.....@...#
....##5#.#.#
# ...#...#
###.##.## #?
.. #. #.# ##
.# ..


You could see Grinder.

Vanquished Creatures
  An adder (D:3)
  2 dart slugs (D:1)
  An orc (D:3)
  5 bats
  5 endoplasms
  2 giant cockroaches
  3 goblins
  4 hobgoblins
  6 jackals (D:1)
  3 kobolds (D:1)
  A quokka (D:1)
  3 ball pythons
  A frilled lizard (D:3)
37 creatures vanquished.

Notes
Turn   | Place    | Note
-------+----------+-------------------------------------------
     0 | D:1      | qw the Minotaur Hexslinger began the quest for the Orb.
     0 | D:1      | Reached XP level 1. HP: 16/16 MP: 1/1
     0 | D:1      | 0 ||| qw: Version: 0.3-a-51-g015441d
     0 | D:1      | 0 ||| qw: Game counter: 4461
     0 | D:1      | 0 ||| qw: Melee chars always use a shield: true
     0 | D:1      | 0 ||| qw: God list: Okawaru
     0 | D:1      | 0 ||| qw: Allow faded altars: false
     0 | D:1      | 0 ||| qw: Do Orc after clearing Dungeon:15 true
     0 | D:1      | 0 ||| qw: Do second Lair branch before Depths: true
     0 | D:1      | 0 ||| qw: Lair rune preference: random
     0 | D:1      | 0 ||| qw: Goals: Normal
     0 | D:1      | 0 ||| PLANNING D:1-11
   144 | D:1      | Reached skill level 3 in Ranged Weapons
   152 | D:1      | Reached XP level 2. HP: 20/23 MP: 2/2
   667 | D:1      | Reached XP level 3. HP: 21/29 MP: 3/3
   819 | D:1      | 819 ||| READING scroll labelled XOEZIH VIMAEHA.
   820 | D:1      | 820 ||| DRINKING 3 fuming ruby potions.
   821 | D:1      | 821 ||| DROPPING scroll of poison.
  1576 | D:2      | 1576 ||| UPGRADING to +0 ring mail.
  1586 | D:2      | 1586 ||| DROPPING +0 robe.
  1587 | D:2      | 1587 ||| UPGRADING to +0 cloak.
  1592 | D:2      | 1592 ||| READING 3 scrolls labelled JACHER WEELEBUE.
  1597 | D:2      | 1597 ||| DRINKING 2 viscous clear potions.
  1652 | D:3      | Reached skill level 4 in Ranged Weapons
  1703 | D:3      | Found a shimmering blue altar of Sif Muna.
  1742 | D:3      | Reached skill level 1 in Armour
  1755 | D:3      | Noticed Grinder
  1760 | D:3      | Paralysed by Grinder for 2 turns
  1767 | D:3      | Paralysed by Grinder for 3 turns
  1769 | D:3      | HP: 5/29 [Grinder (6)]
  1770 | D:3      | 1770 ||| READING 2 scrolls of teleportation.
  1770 | D:3      | HP: 2/29 [Grinder (3)]
  1770 | D:3      | Slain by Grinder

Levels and vault maps discovered:
D:1:      scummos_arrival_star, layout_loops_corners
D:2:      layout_loops_corners
D:3:      layout_basic, nemelex_spade_bored_becter, marbit_many_paths,
          shapermc_ecumenical_altar_venn, minmay_misc_feat_x, uniq_robin,
          uniq_grinder, uniq_terence

Skill      XL: |  1  2  3 |
---------------+----------+-----
Ranged Weapons | 3 4 |  4.1
Fighting       | 2 |  2.0
Armour         | 1 |  1.0
Dodging        | |  2.1
Spellcasting   | |  1.0
Hexes          | |  2.0

Action                     || total
---------------------------++-------
   Fire: Sling             ||   116
    Use: Scroll            ||     3
         Potion            ||     2
 Armour: Robe              ||     6
         Ring mail         ||    19
  Dodge: Dodged            ||    47

Table legend:
 A = Non-vault XP
 B = Vault XP
 C = Vault XP percentage of total XP
 D = Non-vault monster count
 E = Vault monster count
 F = Vault count percentage of total count
                 A         B        C        D         E       F
            +---------+---------+-------+---------+---------+-------
      Total |      81 |       2 |   2.4 |      36 |       1 |   2.7
            +---------+---------+-------+---------+---------+-------
        D:1 |      43 |       0 |   0.0 |      22 |       0 |   0.0
        D:2 |      14 |       0 |   0.0 |       7 |       0 |   0.0
        D:3 |      24 |       2 |   7.7 |       7 |       1 |  12.5
            +---------+---------+-------+---------+---------+-------
